 Dungeon Crawl Stone Soup version 0.28-a0-850-g09de17f5b5 (webtiles) character file.

Game seed: 17211804608895964617

1521 mcbry74 the Cleaver (level 8, 0/53 (64) HPs)
             Began as a Hill Orc Fighter on Nov 13, 2021.
             Was a Priest of Nemelex Xobeh.
             Slain by a wight (4 damage)
             ... on level 6 of the Dungeon.
             The game lasted 00:16:30 (4430 turns).

mcbry74 the Cleaver (Hill Orc Fighter)              Turns: 4430, Time: 00:16:32

HP:   0/53 (64)     AC:  9    Str: 30    XL:     8   Next: 84%
MP:   13/13         EV: 10    Int: 14    God:    Nemelex Xobeh [***...]
Gold: 173           SH:  4    Dex: 10    Spells: 7/7 levels left

rFire   . . .      SeeInvis .   a - +0 war axe
rCold   . . .      Faith    .   c - +0 buckler
rNeg    . . .      Spirit   .   b - +0 scale mail
rPois   +          Reflect  .   (no helmet)
rElec   .          Harm     .   (no cloak)
rCorr   .          Rampage  .   u - +0 pair of gloves
Will    .....                   l - +0 pair of boots
Stlth   ..........              p - amulet of regeneration
HPRegen 1.17/turn               x - +6 ring of strength
MPRegen 0.13/turn               v - ring of the Howling Saviour {Wiz rPois Str+3 Int+6}

@: heavily drained
A: no striking features
a: Renounce Religion, Draw Escape, Draw Destruction, Draw Summoning, Triple Draw


You were on level 6 of the Dungeon.
You worshipped Nemelex Xobeh.
Nemelex Xobeh was most pleased with you.
You visited 1 branch of the dungeon, and saw 6 of its levels.
You also visited: Sewer.

You collected 173 gold pieces.

Inventory:

Hand Weapons
 a - a +0 war axe (weapon)
Missiles
 f - 41 poisoned darts (quivered)
 o - 7 boomerangs
 z - 2 javelins
Armour
 b - a +0 scale mail (worn)
 c - a +0 buckler (worn)
 l - a +0 pair of boots (worn)
 u - a +0 pair of gloves (worn)
Jewellery
 m - a ring of resist corrosion
 p - an amulet of regeneration (around neck)
 t - a ring of resist corrosion
 v - the ring of the Howling Saviour (right hand) {Wiz rPois Str+3 Int+6}
   (You found it on level 4 of the Dungeon)

   [ring of wizardry]

   It improves your spell success rate.
   Str:       It affects your strength (+3).
   Int:       It affects your intelligence (+6).
   rPois:     It protects you from poison.
 x - a +6 ring of strength (left hand)
Scrolls
 e - a scroll of vulnerability {unknown}
 g - 4 scrolls of teleportation
 j - a scroll of immolation {unknown}
 n - 3 scrolls of identify {unknown}
 q - a scroll of fear {unknown}
 r - 3 scrolls of magic mapping
 s - a scroll of enchant armour {unknown}
 y - a scroll of holy word {unknown}
Potions
 d - a potion of might
 h - a potion of brilliance {unknown}
 i - 7 potions of curing
 k - a potion of ambrosia {unknown}
 w - 2 potions of berserk rage {unknown}
 A - 2 potions of degeneration {unknown}
 B - a potion of magic {unknown}
 C - 3 potions of flight


   Skills:
 - Level 3.6 Fighting
 * Level 11.7 Axes
 - Level 3.2 Armour
 - Level 3.2 Shields
 + Level 7.8 Invocations


You had 7 spell levels left.
You didn't know any spells.
Your spell library contained the following spells:

 Spells                   Type           Power      Damage    Failure   Level
 Shock                    Conj/Air       0%         1d3       26%         1
 Corpse Rot               Necr/Air       0%         N/A       36%         2
 Passwall                 Tmut/Erth      0%         N/A       36%         2
 Poisonous Vapours        Pois/Air       0%         N/A       36%         2
 Gell's Gravitas          Tloc           0%         N/A       58%         3
 Lesser Beckoning         Tloc           0%         N/A       58%         3
 Swiftness                Air            0%         N/A       58%         3
 Teleport Other           Tloc           0%         N/A       58%         3
 Airstrike                Air            0%         N/A       92%         4
 Cause Fear               Hex            0%         N/A       92%         4
 Summon Lightning Spire   Summ/Air       0%         N/A       92%         4
 Dragon Form              Tmut           0%         N/A       100%        7
 Storm Form               Tmut/Air       0%         N/A       100%        7
 Maxwell's Capacitive Co  Air            0%         ∞         100%        8
 Dragon's Call            Summ           0%         N/A       100%        9


Dungeon Overview and Level Annotations

Branches:
Dungeon (6/15)              Sewer (visited)
 Temple: D:4-7

Altars:
Cheibriados
Nemelex Xobeh


Message History

A wight comes into view. It is wielding a +4 short sword.
The wight barely misses you.
Your life force feels restored.
The wight closely misses you.
A centaur skeleton comes into view.
You barely miss the wight.
The wight hits you with a +0 long sword!
You feel drained.
You hit the wight but do no damage.
The wight hits you from afar with a +0 halberd!
You feel drained. The wight hits you but does no damage.
You slash the wight!
The wight is heavily damaged.
The wight barely misses you. The wight closely misses you.
You slash the wight!
You destroy the wight!
You block the wight's attack.
You barely miss the wight.
The wight hits you but does no damage. x2
You barely miss the wight. The wight barely misses you.
You block the wight's attack.
You hit the wight but do no damage. You block the wight's attack. x2
You barely miss the wight.
The wight hits you from afar with a +0 halberd!
You feel drained.
The wight hits you with a +4 short sword.
You feel drained.
You slash the wight!
The wight is almost destroyed.
The wight hits you but does no damage.
The wight hits you with a +4 short sword!
* * * LOW HITPOINT WARNING * * *
You feel drained.
* * * LOW HITPOINT WARNING * * *
You hit the wight but do no damage.
The wight is almost destroyed.
The wight hits you from afar with a +0 halberd!
* * * LOW HITPOINT WARNING * * *
You feel drained.
You die...
Your body glows slightly and disappears.

......##.......)...# ......
...............Z...#
#......
......#....#.......# #.....
...†.......#.Z#....###.....
......#.#..#..#z........#
#######.#..#..#...†.##..#
.####...#.......###.....#
...##.###..#..Z#####.).###
....#.###.....zz@..##)...#
....#.<.......####.#.....#
.>..#..##...#........##.##
..............####......#
......#............######
......#..........###
.................#
....##...........#
#..####..........#


You could see 2 wights and a centaur skeleton.

Vanquished Creatures
  A hornet zombie (D:5)
  A sky beast (D:6)
  A black bear (D:6)
  A phantom (D:6)
  A kobold brigand (Sewer)
  2 bullfrogs
  4 scorpions
  3 wights (D:6)
  3 howler monkeys
  2 hounds (D:6)
  2 jellies
  An orc priest (D:4)
  An iguana (D:5)
  A bullfrog skeleton (D:6)
  2 orc wizards
  4 gnolls (D:4)
  3 river rats
  7 adders
  A white imp (D:5)
  2 ufetubi
  2 worms
  A dart slug (D:1)
  13 orcs
  10 endoplasms
  7 goblins
  5 hobgoblins
  3 jackals
  6 quokkas
  6 ball pythons
  3 frilled lizards
  11 kobolds
  7 rats
117 creatures vanquished.

Vanquished Creatures (others)
  2 plants (D:3)
2 creatures vanquished.

Grand Total: 119 creatures vanquished

Notes
Turn   | Place    | Note
-------+----------+-------------------------------------------
     0 | D:1      | mcbry74 the Hill Orc Fighter began the quest for the Orb.
     0 | D:1      | Reached XP level 1. HP: 19/19 MP: 1/1
   146 | D:1      | Found a faded altar of an unknown god.
   158 | D:1      | Prayed at the altar of an unknown god.
   158 | D:1      | Became a worshipper of Nemelex Xobeh the Trickster
   158 | D:1      | Reached * piety under Nemelex Xobeh
   195 | D:1      | Reached skill level 3 in Axes
   597 | D:1      | Received a gift from Nemelex Xobeh
   629 | D:1      | Reached XP level 2. HP: 17/26 MP: 2/2
   859 | D:2      | Reached skill level 1 in Invocations
  1096 | D:2      | Reached skill level 4 in Axes
  1248 | D:2      | Reached XP level 3. HP: 23/31 MP: 4/4
  1535 | D:2      | Reached ** piety under Nemelex Xobeh
  2072 | D:3      | Reached XP level 4. HP: 39/39 MP: 5/5
  2086 | D:3      | Reached skill level 5 in Axes
  2194 | D:3      | Noticed a bullfrog
  2201 | D:3      | Killed a bullfrog
  2202 | D:3      | Reached XP level 5. HP: 33/45 MP: 5/7
  2203 | D:3      | Reached skill level 6 in Axes
  2850 | D:4      | Reached skill level 7 in Axes
  2850 | D:4      | Reached XP level 6. HP: 51/51 MP: 7/9
  2899 | D:4      | Identified the ring of the Howling Saviour {Wiz rPois Str+3
                  | Int+6}
  2960 | D:4      | Found a snail-covered altar of Cheibriados.
  3143 | D:4      | Received a gift from Nemelex Xobeh
  3326 | D:5      | Entered Level 5 of the Dungeon
  3371 | D:5      | Reached *** piety under Nemelex Xobeh
  3425 | D:5      | Reached skill level 8 in Axes
  3457 | D:5      | Reached XP level 7. HP: 43/57 MP: 10/10
  3461 | D:5      | Reached skill level 5 in Invocations
  3639 | D:5      | Reached skill level 9 in Axes
  3854 | D:6      | Reached XP level 8. HP: 58/64 MP: 12/12
  3883 | D:6      | Reached skill level 10 in Axes
  3914 | D:6      | Received a gift from Nemelex Xobeh
  4119 | D:6      | Found a glowing drain.
  4136 | Sewer    | Entered a sewer
  4246 | Sewer    | Found a white marble altar of Elyvilon.
  4339 | D:6      | Reached skill level 11 in Axes
  4430 | D:6      | Slain by a wight

Illustrated notes

Levels and vault maps discovered:
D:1:      minmay_arrival_split_and_join, layout_basic,
          ebering_ecumenical_altar_ruins, columned_hall_lemuel
D:2:      layout_basic
D:3:      layout_loops_ring, st_stairs_7, serial_bayou_pond_b
D:4:      layout_basic, nicolae_overflow_hidden_temple
D:5:      layout_rooms
D:6:      layout_rooms, portal_sewer_entry_b

Skill      XL: |  1  2  3  4  5  6  7  8 |
---------------+-------------------------+-----
Axes           | 3 4 5 7 8 9 11 | 11.7
Invocations    | 1 2 3 4 6 7 |  7.8
Fighting       | |  3.6
Armour         | |  3.2
Shields        | |  3.2

Action                   |  1- 3 |  4- 6 |  7- 9 || total
-------------------------+-------+-------+-------++-------
Melee: War axe           |    96 |   125 |   181 ||   402
  Use: Scroll            |       |     1 |     1 ||     2
Armor: Scale mail        |    43 |    34 |    60 ||   137
Dodge: Dodged            |    32 |    56 |    67 ||   155
Block: Buckler           |    18 |    26 |    34 ||    78

Table legend: (Time is in decaauts)
 A = Elapsed time spent in this place.
 B = Non-inter-level travel time spent in this place.
 C = Inter-level travel time spent in this place.
 D = Time resting spent in this place.
 E = Time spent auto-exploring this place.
 F = Levels seen in this place.
 G = Mean time per level.
                   A        B        C        D        E       F      G
               +--------+--------+--------+--------+--------+-----+--------+
         Total |   4510 |   4305 |    205 |    715 |   2623 |   7 |  644.3 |
       Dungeon |   4325 |   4120 |    205 |    715 |   2508 |   6 |  720.8 |
         Sewer |    185 |    185 |      0 |      0 |    115 |   1 |  185.0 |
               +--------+--------+--------+--------+--------+-----+--------+

Top non-repeatable levels by time:
     D:2: 1147 daAuts
     D:1: 857 daAuts
     D:3: 722 daAuts
     D:4: 686 daAuts
     D:6: 481 daAuts
     D:5: 429 daAuts
   Sewer: 185 daAuts
